 Dungeon Crawl Stone Soup version 0.29-a0-757-g358383bc75 (webtiles) character file.

Game seed: 12080087680784314297

100 lesbiats the Trooper (level 4, -3/37 HPs)
             Began as a Demonspawn Abyssal Knight on July 1, 2022.
             Was an Initiate of Ashenzari.
             Slain by a small abomination (5 damage)
             ... created by the touch of Lugonu
             ... on level 2 of the Dungeon.
             The game lasted 00:17:04 (1939 turns).

lesbiats the Trooper (Demonspawn Abyssal Knight)    Turns: 1939, Time: 00:17:05

Health: -3/37      AC:  3    Str: 15    XL:     4   Next: 47%
Magic:  6/6        EV: 11    Int: 12    God:    Ashenzari [......]
Gold:   113        SH:  0    Dex: 13    Spells: 3/3 levels left

rFire   . . .      SeeInvis .   p - +2 hand axe of Supernal Knowledge {venom, Melee, Evo} (curse)
rCold   + + .      Faith    .   (no shield)
rNeg    . . .      Spirit   .   b - +0 leather armour
rPois   .          Reflect  .   (no helmet)
rElec   .          Harm     .   (no cloak)
rCorr   .          Rampage  .   (no gloves)
Will    .....                   (no boots)
Stlth   +.........              f - amulet "Igisash" {Acrobat rC+}
HPRegen 0.12/turn               e - ring of protection from cold
MPRegen 0.10/turn               (no ring)

@: no status effects
A: hooves 2
a: Renounce Religion, Shatter the Chains


You were on level 2 of the Dungeon.
You worshipped Ashenzari.
Ashenzari was noncommittal.
You visited 1 branch of the dungeon, and saw 2 of its levels.
You visited the Abyss 1 time.

You collected 113 gold pieces.

Inventory:

Hand Weapons
 a - a +1 falchion
 k - a +0 short sword
 p - the cursed +2 hand axe of Supernal Knowledge (weapon) {venom, Melee, Evo}
   (You found it on level 1 of the Dungeon)

   It poisons the flesh of those it strikes.
   It has a curse which improves the following skills: Melee Combat: Short
   Blades, Long Blades, Axes, Maces & Flails, Polearms, Staves and Unarmed
   Combat.
   Evocations: Evocations.
Missiles
 c - 15 stones
 h - 3 javelins
Armour
 b - a +0 leather armour (worn)
 i - a +0 robe
 m - a +0 ring mail
Jewellery
 e - a ring of protection from cold (left hand)
 f - the amulet "Igisash" (around neck) {Acrobat rC+}
   (You found it on level 2 of the Dungeon)

   [amulet of the acrobat]

   It increases your evasion while moving and waiting.
   rC:        It protects you from cold.
Scrolls
 g - a scroll of blinking {unknown}
 j - 4 scrolls of identify {unknown}
 l - a scroll of teleportation {unknown}
 n - 2 scrolls of enchant armour {unknown}
 o - a scroll of brand weapon {unknown}


   Skills:
 + Level 3.7 Fighting
 + Level 2.5(2.9) Long Blades
 + Level 1.1(1.4) Axes
 + Level 2.6 Armour
 + Level 1.0 Dodging
 + Level 2.9 Invocations


You had 3 spell levels left.
You didn't know any spells.
Your spell library was empty.

Dungeon Overview and Level Annotations

Branches:
Dungeon (2/15)

Altars:
Ashenzari


Innate Abilities, Weirdness & Mutations

You have hoof-like feet.


Message History

The adder hisses angrily.
The small abomination barely misses you.
The adder attacks as you move away! The adder barely misses you.
You miss the adder. Your kick misses the adder. The adder closely misses you.
The adder bites you but does no damage.
You closely miss the adder. The adder bites you.
You barely miss the adder. The adder barely misses you. The adder bites you.
* * * LOW HITPOINT WARNING * * *
Unknown command.
You closely miss the adder. You kick the adder!
The adder is severely wounded.
The adder bites you but does no damage. The adder bites you.
* * * LOW HITPOINT WARNING * * *
You hit the adder.
You kill the adder!
The small abomination misses you.
Your Axes skill increases to level 1!
You closely miss the small abomination. You punch the small abomination.
The small abomination is lightly damaged.
The small abomination closely misses you.
You hit the small abomination. Your kick misses the small abomination.
The small abomination is moderately damaged.
The small abomination barely misses you.
The small abomination hits you.
* * * LOW HITPOINT WARNING * * *
Unknown command.
You can't unwield your weapon to draw a new one!
Okay, then.
Cleave: p) +2 hand axe of Supernal Knowledge {venom, Melee, Evo} (curse)
Press: ? - help, Dir - move target, f - small abomination
Aim: a small abomination (moderately damaged, durably summoned, about 31% to evade the cursed +2 hand axe of Supernal Knowledge)
You hit the small abomination but do no damage.
You kick the small abomination.
The small abomination is heavily damaged.
The small abomination barely misses you.
The small abomination closely misses you.
You hit the small abomination. Your kick misses the small abomination.
The small abomination is severely damaged.
The small abomination hits you.
You die...

#.........###
...........
........# #
.......##. .
.........
##........
#.......P.
###.........
#@x..P......
###.........
#.........
#.........
###.......
#######


You could see a small abomination.

Vanquished Creatures
  An iguana (D:2)
  3 gnolls (D:2)
  An adder (D:2)
  6 ball pythons
  3 bats
  4 endoplasms
  A giant cockroach (D:1)
  4 goblins
  5 hobgoblins
  2 jackals (D:2)
  4 frilled lizards
  A kobold (D:1)
  2 rats (D:1)
37 creatures vanquished.

Vanquished Creatures (others)
  2 fungi (D:1)
  19 plants (D:2)
21 creatures vanquished.

Grand Total: 58 creatures vanquished

Notes
Turn   | Place    | Note
-------+----------+-------------------------------------------
     0 | Abyss:1  | lesbiats the Demonspawn Abyssal Knight began the quest for
                  | the Orb.
     0 | Abyss:1  | Reached XP level 1. HP: 18/18 MP: 2/2
     1 | D:1      | Escaped the Abyss
   125 | D:1      | You fall into a shaft and drop 1 floor!
   135 | D:2      | Gained mutation: You have large cloven feet. [demonic
                  | ancestry]
   135 | D:2      | Reached XP level 2. HP: 16/24 MP: 3/3
   182 | D:2      | Identified the amulet "Igisash" {Acrobat rC+}
   714 | D:1      | Found a faded altar of an unknown god.
   734 | D:1      | Prayed at the altar of an unknown god.
   734 | D:1      | Fell from the grace of Lugonu
   734 | D:1      | Became a worshipper of Ashenzari the Shackled
  1629 | D:2      | Reached XP level 3. HP: 26/29 MP: 5/5
  1631 | D:2      | Reached skill level 1 in Dodging
  1868 | D:2      | Gained mutation: You have hoof-like feet. [demonic
                  | ancestry]
  1868 | D:2      | Reached XP level 4. HP: 6/37 MP: 6/6
  1926 | D:2      | Noticed a small abomination
  1936 | D:2      | Reached skill level 1 in Axes
  1939 | D:2      | Slain by a small abomination

Illustrated notes

Levels and vault maps discovered:
D:1:      spicycebolla_green_bress_n_ham_2, layout_basic,
          shapermc_ecumenical_altar_gd
D:2:      layout_rooms, nicolae_grassy_gnolls

Skill      XL: |  1  2  3  4 |
---------------+-------------+-----
Armour         | 2 |  2.6
Long Blades    | 2 |  2.5
Dodging        | 1 |  1.0
Axes           | 1 |  1.1
Fighting       | |  3.7
Invocations    | |  2.9

Action                   |  1- 3 |  4- 6 || total
-------------------------+-------+-------++-------
Melee: Falchion          |    56 |       ||    56
       Kick              |    16 |     2 ||    18
       Hand axe          |    13 |    13 ||    26
       Punch             |       |     1 ||     1
Throw: Javelin           |       |     1 ||     1
Invok: Bend Space        |     1 |       ||     1
       Curse Item        |     1 |       ||     1
  Use: Potion            |       |     1 ||     1
Armor: Leather armour    |    23 |     2 ||    25
       Skin              |       |     5 ||     5
Dodge: Dodged            |    60 |    10 ||    70

Table legend: (Time is in decaauts)
 A = Elapsed time spent in this place.
 B = Non-inter-level travel time spent in this place.
 C = Inter-level travel time spent in this place.
 D = Time resting spent in this place.
 E = Time spent auto-exploring this place.
 F = Levels seen in this place.
 G = Mean time per level.
                   A        B        C        D        E       F      G
               +--------+--------+--------+--------+--------+-----+--------+
         Total |   1958 |   1822 |    136 |    476 |    613 |   3 |  652.7 |
       Dungeon |   1957 |   1821 |    136 |    476 |    613 |   2 |  978.5 |
         Abyss |      1 |      1 |      0 |      0 |      0 |   1 |    1.0 |
               +--------+--------+--------+--------+--------+-----+--------+

Top non-repeatable levels by time:
     D:1: 1538 daAuts
     D:2: 419 daAuts
 Abyss:1: 1 daAuts
